 Dungeon Crawl Stone Soup version 0.21.1-1-g345015f (webtiles) character file.

163 inc the Sneak (level 5, 16/21 HPs)
             Began as a Felid Enchanter on Feb 23, 2018.
             Quit the game on level 5 of the Dungeon.
             The game lasted 00:10:24 (3565 turns).

inc the Sneak (Felid Enchanter)                     Turns: 3565, Time: 00:10:25

Health: 16/21      AC:  1    Str:  4    XL:     5   Next: 20%
Magic:  9/9        EV: 18    Int: 18    God:
Gold:   110        SH:  0    Dex: 16    Spells: 2/8 levels left
                                        Lives:  0   Deaths: 1

rFire    . . .     SeeInvis +     - Unarmed
rCold    . . .     Gourm    .   (shield unavailable)
rNeg     + . .     Faith    .   (armour unavailable)
rPois    .         Spirit   .   (helmet unavailable)
rElec    .         Reflect  .   (cloak unavailable)
rCorr    .         Harm     .   (gloves unavailable)
MR       +....                  (boots unavailable)
Stlth    ++++......             (no amulet)
HPRegen  0.07/turn              l - ring of wizardry
MPRegen  0.11/turn              h - ring "Hiuzy" {rN+ MR+}

@: quick
A: very small, no armour, no weapons or thrown items, stealth, claws 1, fangs 3,
see invisible, carnivore, speed 1, shaggy fur 1, slow metabolism 1, sharp paws
a: no special abilities


You were on level 5 of the Dungeon.
You were not hungry.

You visited 1 branch of the dungeon, and saw 5 of its levels.

You collected 110 gold pieces.

Inventory:

Jewellery
 h - the ring "Hiuzy" (right paw) {rN+ MR+}
   (You found it on level 4 of the Dungeon)

   [ring of protection from magic]

   It protects you from negative energy.
   It affects your resistance to hostile enchantments.
 l - a ring of wizardry (left paw)
Scrolls
 d - a scroll of blinking
 e - a scroll of teleportation {unknown}
 f - a scroll of enchant armour {unknown}
Potions
 c - 2 potions of agility {unknown}
 g - a potion of magic {unknown}
 i - a potion of lignification
 j - a potion of brilliance
 k - a potion of curing
Books
 a - a book of Maledictions

   Spells                             Type                      Level
   a - Corona                         Hexes                        1
   b - Ensorcelled Hibernation        Hexes/Ice                    2
   c - Confuse                        Hexes                        3
   d - Tukima's Dance                 Hexes                        3
   e - Dazzling Spray                 Conjuration/Hexes            3
Comestibles
 b - 6 rations


   Skills:
 - Level 2.6 Dodging
 + Level 7.2 Stealth
 - Level 3.0 Unarmed Combat
 - Level 2.0 Spellcasting
 - Level 5.1 Hexes
 - Level 2.0 Ice Magic


You had 2 spell levels left.
You knew the following spells:

 Your Spells              Type           Power        Failure   Level  Hunger
a - Corona                Hex            ###....      1%          1    #......
b - Ensorcelled Hibernat  Hex/Ice        ##....       2%          2    ###....
c - Confuse               Hex            ###.....     2%          3    ###....


Dungeon Overview and Level Annotations

Branches:
Dungeon (5/15)
 Temple: D:4-7

Altars:
Makhleb
Okawaru
Wu Jian

Annotations:
D:5 anp's ghost, novice GnTm


Innate Abilities, Weirdness & Mutations

You cannot wear armour.
You are incapable of wielding weapons or throwing items.
Your paws allow you to move quietly. (Stealth)
You have sharp claws.
You have razor-sharp teeth.
You have supernaturally acute eyesight. (SInv)
You are carnivorous and can eat meat at any time.
You cover ground quickly.
You are covered in fur. (AC +1)
You have a slow metabolism.
Your sharp claws are effective at attacking unaware monsters.


Message History

Found 10 gold pieces.
An adder is nearby!
Casting: Ensorcelled Hibernation
Confirm with . or Enter, or press ? or * to list all spells.
You can't see any susceptible monsters within range! (Use Z to cast anyway.)
You pounce on the unaware helpless adder!
You mangle the adder!!
You kill the adder!
A leopard gecko comes into view.
Found 16 gold pieces.
You see here 10 gold pieces.
A leopard gecko is nearby!
Found a potion of brilliance.
A crimson imp comes into view.
Found a pair of glowing gloves.
The crimson imp shouts!
Anp's ghost (novice Gnoll Transmuter) comes into view.
The leopard gecko hisses angrily.
The crimson imp blinks!
Are you sure you want to abandon this character and quit the game? (Confirm with "yes".)

....... .......
....... .....W.
....... ....$..##
######
....l...#########.....
#.ยง...@..........#
#.........$......#
#................#
#......#######.#.#
#......# #.#.#
#####.## #.#.# !.
..#.# #.[ ..#.# ...#.#


You could see anp's ghost (wandering) and a leopard gecko.

Vanquished Creatures
  A howler monkey (D:5)
  Terence (D:3)
  2 worker ants (D:4)
  Robin (D:3)
  8 adders
  A gnoll (D:4)
  3 worms (D:3)
  2 dart slugs
  A leopard gecko (D:3)
  3 orcs
  3 bats
  4 giant cockroaches
  4 hobgoblins
  4 jackals
  2 kobolds
  2 quokkas (D:2)
  A ball python (D:1)
  2 frilled lizards
  11 goblins
  3 rats
59 creatures vanquished.

Notes
Turn   | Place    | Note
-------+----------+-------------------------------------------
     0 | D:1      | inc the Felid Enchanter began the quest for the Orb.
     0 | D:1      | Reached XP level 1. HP: 7/7 MP: 4/4
   311 | D:1      | Reached XP level 2. HP: 11/11 MP: 4/6
   425 | D:2      | Learned a level 2 spell: Ensorcelled Hibernation
  1005 | D:2      | Found a burning altar of Makhleb.
  1213 | D:3      | Reached skill level 1 in Ice Magic
  1213 | D:3      | Reached XP level 3. HP: 14/14 MP: 4/7
  1483 | D:3      | Learned a level 3 spell: Confuse
  1522 | D:4      | Got a warped steel ring
  1545 | D:4      | Reached XP level 4. HP: 6/18 MP: 3/8
  1714 | D:4      | Identified the ring "Hiuzy" {rN+ MR+} (You found it on level 4 of the Dungeon)
  1740 | D:4      | Found an ornate altar of the Wu Jian Council.
  1807 | D:3      | Reached skill level 5 in Hexes
  2114 | D:4      | Found an iron altar of Okawaru.
  2128 | D:4      | Reached skill level 5 in Stealth
  2128 | D:4      | Reached XP level 5. HP: 20/21 MP: 1/9
  2640 | D:3      | Noticed Terence
  2655 | D:3      | Killed Terence
  2655 | D:3      | Reached skill level 6 in Stealth
  2808 | D:3      | Noticed Robin
  2822 | D:3      | Killed Robin
  3332 | D:4      | Slain by a gnoll
  3333 | D:4      | Reached XP level 4. HP: -3/18 MP: 3/8
  3522 | D:5      | Entered Level 5 of the Dungeon
  3524 | D:5      | Reached skill level 7 in Stealth
  3524 | D:5      | Reached XP level 5. HP: 13/21 MP: 6/9
  3564 | D:5      | Noticed anp's ghost (novice GnTm)
  3565 | D:5      | Quit the game

Skill      XL: |  1  2  3  4  5 |
---------------+----------------+-----
Unarmed Combat | 2 3 |  3.0
Ice Magic      | 1 2 |  2.0
Hexes          | 5 |  5.1
Stealth        | 7 6 |  7.2
Dodging        | |  2.6
Spellcasting   | |  2.0

Action                   |  1- 3 |  4- 6 || total
-------------------------+-------+-------++-------
Melee: Unarmed           |    76 |    60 ||   136
       Bite              |     3 |     3 ||     6
       Punch             |     2 |       ||     2
 Cast: Corona            |     6 |       ||     6
       Ensorcelled Hiber |    10 |    38 ||    48
       Confuse           |     1 |     5 ||     6
  Use: Scroll            |     3 |     3 ||     6
       Potion            |       |     2 ||     2
 Stab: Sleeping          |    19 |    25 ||    44
       Confused          |       |     1 ||     1
  Eat: Chunk             |     9 |       ||     9
Armor: Skin              |     5 |    13 ||    18
Dodge: Dodged            |    60 |    36 ||    96
